 Dungeon Crawl Stone Soup version 0.30-a0-847-g17996783a1 (webtiles) character file.

Game seed: 1752448166884749260

20365 cforsyth the Unseen (level 13, 0/114 HPs)
             Began as a Kobold Brigand on Mar 4, 2023.
             Was a Follower of Hepliaklqana.
             Succumbed to a green ugly thing's poison
             ... on level 12 of the Dungeon.
             The game lasted 00:25:26 (16049 turns).

cforsyth the Unseen (Kobold Brigand)               Turns: 16049, Time: 00:25:26

Health: 0/114      AC: 13    Str:  9    XL:     13   Next: 11%
Magic:  13/13      EV: 23    Int: 12    God:    Hepliaklqana [*.....]
Gold:   652        SH:  0    Dex: 27    Spells: 12/12 levels left

rFire   . . .      SeeInvis .    I - +7 quick blade (flame)
rCold   . . .      Faith    .    (no shield)
rNeg    . . .      Spirit   .    x - +4 ring mail
rPois   .          Reflect  .    U - +2 hat
rElec   .          Rampage  .    c - +1 cloak
rCorr   .                        (no gloves)
Will    +....                    (no boots) Stlth
                                 C - amulet of regeneration
HPRegen 1.19/turn                o - ring of willpower
MPRegen 0.13/turn                w - +6 ring of dexterity

@: berserking, lethally poisoned (0 -> -11), very quick
A: reduced essence, small, no large weapons, nightstalker 3
a: Renounce Religion, Recall Ancestor, Ancestor Identity


You were on level 12 of the Dungeon.
You worshipped Hepliaklqana.
Hepliaklqana was aware of your devotion.
You visited 2 branches of the dungeon, and saw 13 of its levels.
You also visited: Bailey.

You collected 652 gold pieces.

Inventory:

Hand Weapons
 a - a +2 dagger
 r - a +3 dagger of protection
 I - a +7 quick blade of flaming (weapon)
Missiles
 d - 46 poisoned darts (quivered)
 e - 4 curare-tipped darts
Armour
 b - a +0 robe
 c - a +1 cloak (worn)
 x - a +4 ring mail (worn)
 S - +0 swamp dragon scales
 U - a +2 hat (worn)
Jewellery
 j - a ring of ice
 o - a ring of willpower (left hand)
 v - a ring of protection from fire
 w - a +6 ring of dexterity (right hand)
 C - an amulet of regeneration (around neck)
 D - a ring of wizardry
 J - an amulet of the acrobat
 Q - a ring of positive energy
 V - an amulet of reflection
 X - a ring of wizardry
 Y - a ring of magical power
Wands
 l - a wand of light (13)
 p - a wand of digging (5)
 y - a wand of roots (13)
 N - a wand of charming (4)
 O - a wand of polymorph (12)
Scrolls
 f - 2 scrolls of fear {unknown}
 i - 2 scrolls of teleportation
 m - 5 scrolls of enchant armour
 s - a scroll of immolation
 u - a scroll of silence
 A - 7 scrolls of fog
 L - 5 scrolls of identify
 R - 3 scrolls of amnesia
 T - 2 scrolls of poison {unknown}
Potions
 g - a potion of attraction
 h - 5 potions of flight
 k - 4 potions of curing
 n - 4 potions of might
 q - a potion of resistance
 t - 3 potions of heal wounds {unknown}
 z - a potion of haste {unknown}
 B - a potion of lignification {unknown}
 E - a potion of magic
 F - a potion of cancellation
 G - 2 potions of brilliance
 H - a potion of ambrosia {unknown}
 K - a potion of invisibility {unknown}
 M - 4 potions of degeneration {unknown}
 W - a potion of mutation {unknown}


   Skills:
 + Level 11.7 Fighting
 + Level 13.7 Short Blades
 - Level 2.1 Throwing
 + Level 12.5 Dodging
 + Level 15.5 Stealth


You had 12 spell levels left.
You didn't know any spells.
Your spell library contained the following spells:

 Spells                   Type           Power      Damage    Failure   Level
 Necrotise                Necr           0%         1d4       67%         1
 Sandblast                Erth           0%         2d4       67%         1
 Summon Small Mammal      Summ           0%         N/A       67%         1
 Cigotuvi's Dreadful Rot  Necr/Pois/Air  0%         N/A       80%         2
 Passwall                 Tmut/Erth      0%         N/A       80%         2
 Poisonous Vapours        Pois/Air       0%         N/A       80%         2
 Call Canine Familiar     Summ           0%         N/A       95%         3
 Dazzling Flash           Conj/Hex       0%         N/A       95%         3
 Mephitic Cloud           Conj/Pois/Air  0%         N/A       95%         3
 Stone Arrow              Conj/Erth      0%         3d7       95%         3
 Summon Guardian Golem    Hex/Summ       0%         N/A       95%         3
 Vampiric Draining        Necr           0%         2d6       95%         3
 Iskenderun's Mystic Bla  Conj/Tloc      0%         2d3       100%        4
 Agony                    Necr           0%         N/A       100%        5
 Starburst                Conj/Fire      0%         6d3       100%        6


Dungeon Overview and Level Annotations

Branches:
Dungeon (12/15)            Temple (1/1) D:5            Lair (0/5) D:8
    Orc (0/2) D:12         Bailey (visited)

Altars:
Ashenzari
Cheibriados
Dithmenos
Elyvilon
Fedhas
Gozag
Hepliaklqana
Kikubaaqudgha
Makhleb
Nemelex Xobeh
Okawaru
Qazlal
Ru
Sif Muna
Trog
Uskayaw
Vehumet
Wu Jian
Xom
Yredelemnul
Zin
The Shining One

Shops:
D:2 :   D:6 =   D:11 :

Annotations:
D:5 4 runed translucent doors


Innate Abilities, Weirdness & Mutations

Your life essence is reduced to manifest your ancestor. (-10% HP)
You are small and have problems with some larger weapons.
You are completely attuned to the shadows.


Message History

The green ugly thing poisons you!
You barely miss Frances.
Frances is almost dead.
You feel sick. Frances hits you with a +0 hand axe!
* * * LOW HITPOINT WARNING * * *
You puncture Frances! You burn Frances.
Frances is almost dead.
* * * LOW HITPOINT WARNING * * *
You feel sick.
You closely miss Frances.
Frances is almost dead.
* * * LOW HITPOINT WARNING * * *
You feel sick. The neqoxec hits you.
* * * LOW HITPOINT WARNING * * *
The ice devil misses you.
You hit Frances.
Frances is almost dead.
* * * LOW HITPOINT WARNING * * *
You feel sick.
The ynoxinul gestures.
Frances completely misses you.
You puncture Frances!
You kill Frances!
The ice devil disappears in a puff of smoke!
The neqoxec disappears in a puff of smoke!
The ynoxinul disappears in a puff of smoke!
The ufetubus disappears in a puff of smoke! x6
* * * LOW HITPOINT WARNING * * *
You feel sick. The green ugly thing misses you.
You puncture the green ugly thing! You burn the green ugly thing.
The green ugly thing is moderately wounded.
* * * LOW HITPOINT WARNING * * *
You feel sick.
You hit the green ugly thing. You burn the green ugly thing.
The green ugly thing is moderately wounded.
* * * LOW HITPOINT WARNING * * *
You feel sick.
You puncture the green ugly thing! You burn the green ugly thing.
The green ugly thing is severely wounded.
You die...

#.....R..)# #.###
#####.##### #...#
#..########'##
##........)).)
###########......).).
......§.#.'.......)).
........#.#R.........
#..§u§§§#.#..^.......
#.§.@.§§#.#..........
.§.§§§§§#.#..........
.§.<....#.#..>.......
..........#..........
......$.#############
########


You could see a green ugly thing.

Vanquished Creatures
  Gastronok (D:11)
  Frances (D:12)
  3 two-headed ogres
  A death yak (D:8)
  Nergalle (D:10)
  Pikel (D:6)
  4 cyclopes
  An ugly thing (D:11)
  A gargoyle (D:11)
  Maggie (D:8)
  3 unseen horror zombies (D:9)
  A kobold demonologist (D:11)
  A troll (D:9)
  Prince Ribbit (D:7)
  3 slime creatures (D:12)
  A shadow (D:11)
  7 yaks
  A vampire (D:12)
  Grum (D:8)
  2 steam dragons
  2 wraiths
  2 vampire mosquitoes (D:11)
  A warg (D:12)
  4 acid dragons
  4 water moccasins
  Duvessa (D:7)
  2 ice beasts
  2 black bears
  13 orc warriors
  14 centaurs
  3 wolves (D:8)
  2 phantoms
  4 bullfrogs
  2 lemures (D:6)
  4 kobold brigands
  4 gnoll sergeants
  6 scorpions
  15 wights
  3 killer bees (D:8)
  Dowan (D:7)
  4 howler monkeys
  3 centaur zombies (D:9)
  11 orc priests
  5 hounds
  3 jellies
  2 sleepcaps
  5 iguanas
  15 orc wizards
  A howler monkey zombie (D:9)
  24 gnolls
  9 adders
  2 shadow imps
  An ufetubus (D:6)
  3 worms
  3 dart slugs
  63 orcs
  8 endoplasms
  5 giant cockroaches
  14 goblins
  8 hobgoblins
  8 jackals
  3 quokkas
  4 ball pythons
  8 bats
  6 frilled lizards
  16 kobolds
  7 rats
366 creatures vanquished.

Vanquished Creatures (others)
  An ancestor (D:12)
  2 withered plants (D:9)
3 creatures vanquished.

Grand Total: 369 creatures vanquished

Notes
Turn   | Place    | Note
-------+----------+-------------------------------------------
     0 | D:1      | cforsyth the Kobold Brigand began the quest for the Orb.
     0 | D:1      | Reached XP level 1. HP: 12/12 MP: 1/1
   127 | D:1      | Reached XP level 2. HP: 14/18 MP: 2/2
   594 | D:1      | Reached XP level 3. HP: 22/22 MP: 3/3
  1285 | D:2      | Found Huschaist's Book Shoppe.
  1470 | D:2      | Reached XP level 4. HP: 14/27 MP: 4/4
  2209 | D:3      | Reached skill level 6 in Stealth
  2454 | D:3      | Reached XP level 5. HP: 32/32 MP: 5/5
  2828 | D:3      | Found a sparkling altar of Nemelex Xobeh.
  3180 | D:4      | Reached XP level 6. HP: 37/37 MP: 6/6
  4015 | D:4      | Reached skill level 7 in Stealth
  4027 | D:4      | Reached skill level 5 in Short Blades
  4175 | D:5      | Entered Level 5 of the Dungeon
  4221 | D:5      | Reached XP level 7. HP: 35/43 MP: 7/7
  4227 | D:5      | Found a staircase to the Ecumenical Temple.
  4646 | Temple   | Entered the Ecumenical Temple
  5092 | D:5      | Found a shimmering blue altar of Sif Muna.
  5331 | D:5      | Found a blossoming altar of Fedhas.
  5391 | D:5      | Found a radiant altar of Vehumet.
  5450 | D:5      | Noticed a water moccasin
  5456 | D:5      | Killed a water moccasin
  5457 | D:5      | Reached skill level 5 in Dodging
  5457 | D:5      | Reached XP level 8. HP: 48/48 MP: 8/8
  5526 | D:5      | Reached skill level 5 in Fighting
  5526 | D:5      | Reached skill level 8 in Stealth
  5569 | D:5      | Found a large runed translucent door.
  5569 | D:5      | Found a large runed translucent door.
  5572 | D:5      | Noticed a troll
  5590 | D:5      | Noticed a yak
  5593 | D:5      | Killed a yak
  5683 | D:5      | Found a large runed translucent door.
  5683 | D:5      | Found a large runed translucent door.
  5726 | D:5      | Reached skill level 9 in Stealth
  5765 | D:5      | Noticed a troll
  5787 | D:5      | Reached XP level 9. HP: 55/55 MP: 9/9
  6631 | D:6      | Found Yryob's Jewellery Shop.
  6787 | D:5      | Reached skill level 10 in Stealth
  7669 | D:7      | Noticed Duvessa
  7677 | D:7      | Noticed Dowan
  7744 | D:7      | Killed Duvessa
  7750 | D:7      | Killed Dowan
  8053 | D:7      | Noticed Pikel
  8328 | D:6      | Killed Pikel
  8329 | D:6      | Reached skill level 11 in Stealth
  8329 | D:6      | Reached XP level 10. HP: 54/64 MP: 10/10
  8411 | D:7      | Identified the +2 scale mail of Lies {Slay+3}
  8526 | D:7      | Noticed Prince Ribbit
  8530 | D:7      | Killed Prince Ribbit
  9082 | D:8      | Noticed Maggie
  9085 | D:8      | Killed Maggie
  9086 | D:8      | Noticed Grum
  9091 | D:8      | Reached skill level 10 in Short Blades
  9092 | D:8      | Killed Grum
  9215 | D:8      | Noticed a death yak
  9324 | D:8      | Reached skill level 12 in Stealth
  9344 | D:8      | Noticed a death yak
  9344 | D:8      | Noticed a death yak
  9358 | D:8      | Noticed a death yak
  9359 | D:8      | Noticed a death yak
  9359 | D:8      | Noticed a death yak
  9359 | D:8      | Noticed a death yak
  9359 | D:8      | Noticed a death yak
  9460 | D:8      | Found a staircase to the Lair.
 10292 | D:9      | Reached XP level 11. HP: 70/71 MP: 11/11
 10494 | D:9      | Reached skill level 10 in Dodging
 10514 | D:9      | Found a flagged portal.
 10522 | Bailey   | Entered a bailey
 10749 | Bailey   | Reached skill level 13 in Stealth
 12232 | D:9      | Identified the +4 war axe of Seumiorao {heavy, Int+4}
 12432 | D:9      | Reached skill level 10 in Fighting
 12940 | D:9      | Found a burning altar of Makhleb.
 13075 | D:10     | Entered Level 10 of the Dungeon
 13748 | D:10     | Found an ornate altar of the Wu Jian Council.
 13804 | D:10     | Noticed a two-headed ogre
 13806 | D:10     | Killed a two-headed ogre
 13807 | D:10     | Reached XP level 12. HP: 75/78 MP: 12/12
 14049 | D:10     | Noticed Nergalle
 14058 | D:10     | Killed Nergalle
 14059 | D:10     | Reached skill level 14 in Stealth
 14073 | D:10     | Found a shimmering altar of Xom.
 14353 | D:8      | Found a hazy altar of Hepliaklqana.
 14359 | D:8      | Became a worshipper of Hepliaklqana the Forgotten
 14411 | D:8      | Killed a death yak
 14702 | D:11     | Found Keycaq's Book Boutique.
 14755 | D:11     | Noticed Gastronok
 14820 | D:11     | Killed Gastronok
 15560 | D:12     | Reached skill level 15 in Stealth
 15683 | D:12     | Noticed a two-headed ogre
 15702 | D:12     | Killed a two-headed ogre
 15787 | D:12     | Reached * piety under Hepliaklqana
 15947 | D:12     | Found a staircase to the Orcish Mines.
 15947 | D:12     | Noticed a two-headed ogre
 15956 | D:12     | Killed a two-headed ogre
 15957 | D:12     | Reached XP level 13. HP: 75/75 MP: 13/13
 16003 | D:12     | Noticed Frances
 16044 | D:12     | HP: 4/112 [neqoxec[Frances] (2)]
 16046 | D:12     | Killed Frances
 16047 | D:12     | HP: 1/114 [poisoned by a green ugly thing]
 16049 | D:12     | Succumbed to a green ugly thing's poison

Illustrated notes

Levels and vault maps discovered:
D:1:      nzn_arrival_water_spiral, layout_basic, corner_web_ring
D:2:      layout_basic, serial_shops, nicolae_shop_waterfront
D:3:      layout_rooms, mainiacjoe_overflow_paths, patterned_corridor
D:4:      layout_gridville, grunt_ministairs_1
D:5:      layout_basic, nicolae_sif_muna_condensation,
          mainiacjoe_overflow_two_lobes, minmay_temple_entry_glass,
          minmay_hollow_rounded_squares
D:6:      layout_loops_cross, serial_shops, kennysheep_mini_moat,
          minmay_fractal_squares_gapless_5
D:7:      layout_cave_pods, uniq_duvessa, uniq_prince_ribbit1, uniq_pikel
D:8:      layout_basic, mainiacjoe_overflow_alcove_2, dpeg_lair_monsters,
          uniq_grum, uniq_maggie
D:9:      layout_basic, bloody_makhleb, enter_bailey_5, serial_undead,
          serial_undead_d, serial_undead_b, serial_undead_d, serial_undead_c,
          serial_undead_f, serial_undead_a
D:10:     layout_stronghold, xom_butterflies, nicolae_overflow_crystal_walls,
          uniq_nergalle
D:11:     layout_basic, serial_shops, shop, uniq_gastronok
D:12:     layout_roguey, david_orc_3, grunt_decor_fettered, amethyst_killhole,
          uniq_frances
Temple:   zaba_magenta_temple

Skill      XL: |  1  2  3  4  5  6  7  8  9 10 11 12 |
---------------+-------------------------------------+-----
Short Blades   | 3 4 5 6 7 9 10 12 13 | 13.7
Dodging        | 2 3 4 5 6 8 9 11 12 | 12.5
Fighting       | 3 4 6 7 9 10 11 | 11.7
Stealth        | 6 7 9 11 12 13 15 | 15.5
Throwing       | |  2.1

Action                     |  1- 3 |  4- 6 |  7- 9 | 10-12 | 13-15 || total
---------------------------+-------+-------+-------+-------+-------++-------
  Melee: Dagger            |    89 |   103 |   123 |       |       ||   315
         Punch             |     2 |       |     7 |    23 |       ||    32
         Quick blade       |       |       |   333 |  1122 |    42 ||  1497
    Use: Scroll            |       |    12 |     6 |    11 |       ||    29
         Potion            |       |       |     2 |       |     1 ||     3
   Stab: Sleeping          |    23 |    33 |    16 |    45 |     1 ||   118
         Distracted        |       |     1 |     1 |     6 |       ||     8
 Armour: Robe              |    22 |    16 |    32 |       |       ||    70
         Ring mail         |       |       |    11 |   114 |     5 ||   130
  Dodge: Dodged            |    65 |    58 |   208 |   583 |    29 ||   943

Table legend: (Time is in decaauts)
 A = Elapsed time spent in this place.
 B = Non-inter-level travel time spent in this place.
 C = Inter-level travel time spent in this place.
 D = Time resting spent in this place.
 E = Time spent auto-exploring this place.
 F = Levels seen in this place.
 G = Mean time per level.
                   A        B        C        D        E       F      G
               +--------+--------+--------+--------+--------+-----+--------+
         Total |  14978 |  14377 |    601 |   2278 |   8855 |  14 | 1069.9 |
       Dungeon |  13457 |  12862 |    595 |   1623 |   8671 |  12 | 1121.4 |
        Temple |     90 |     84 |      6 |      0 |     76 |   1 |   90.0 |
        Bailey |   1430 |   1430 |      0 |    655 |    108 |   1 | 1430.0 |
               +--------+--------+--------+--------+--------+-----+--------+

Top non-repeatable levels by time:
     D:4: 1757 daAuts
     D:5: 1491 daAuts
     D:7: 1438 daAuts
  Bailey: 1430 daAuts
    D:10: 1217 daAuts
     D:6: 1182 daAuts
     D:1: 1157 daAuts
     D:2: 997 daAuts
     D:9: 997 daAuts
     D:8: 943 daAuts
     D:3: 866 daAuts
    D:11: 825 daAuts
    D:12: 582 daAuts
  Temple: 90 daAuts
